 Dungeon Crawl Stone Soup version 0.31-a0-1-g4198be8af4 (webtiles) character file.

Game seed: 7315996822735734727

1404 Pimp the Trooper (level 8, -2/63 HPs)
             Began as a Demonspawn Gladiator on Apr 30, 2023.
             Slain by a gnoll
             ... wielding a +0 flail
             ... led by a gnoll sergeant
              (3 damage)
             ... on level 6 of the Dungeon.
             The game lasted 00:09:47 (4454 turns).

Pimp the Trooper (Demonspawn Gladiator)             Turns: 4454, Time: 00:09:48

Health: -2/63      AC: 10    Str: 23    XL:     8   Next: 42%
Magic:  8/8        EV: 12    Int: 10    God:
Gold:   233        SH:  0    Dex: 14    Spells: 7/7 levels left

rFire   . . .        a - +0 war axe
rCold   . . .        l - orb {*Rage}
rNeg    . . .        j - +0 scale mail
rPois   .            (helmet unavailable)
rElec   .            (no cloak)
rCorr   .            w - +0 pair of gloves
SInv    +            y - +0 pair of boots
Will    +....        (no amulet) Stlth
                     h - ring of willpower
HPRegen 0.30/turn    r - +6 ring of strength
MPRegen 0.11/turn

%: random rage (20%)
@: mighty
A: antennae 3, molten scales 1, foul stench 2, powered by pain 1
a: no special abilities


You were on level 6 of the Dungeon.
You visited 2 branches of the dungeon, and saw 7 of its levels.

You collected 233 gold pieces.

Inventory:

Hand Weapons
 a - a +0 war axe (weapon)
Missiles
 d - 3 throwing nets (quivered)
 e - a javelin
Armour
 b - a +0 leather armour
 c - a +0 helmet
 j - a +0 scale mail (worn)
 l - an orb of wrath (worn)
 w - a +0 pair of gloves (worn)
 y - a +0 pair of boots (worn)
Magical Staves
 k - a staff of air
Jewellery
 h - a ring of willpower (left hand)
 i - a ring of fire
 r - a +6 ring of strength (right hand)
Scrolls
 f - 5 scrolls of teleportation
 s - 9 scrolls of identify
 t - a scroll of vulnerability {unknown}
 u - 2 scrolls of blinking {unknown}
Potions
 g - a potion of berserk rage
 m - a potion of curing
 n - a potion of attraction
 x - a potion of lignification {unknown}


   Skills:
 + Level 5.5 Fighting
 + Level 5.4 Axes
 + Level 5.0 Throwing
 + Level 5.4 Dodging


You had 7 spell levels left.
You didn't know any spells.
Your spell library was empty.

Dungeon Overview and Level Annotations

Branches:
Dungeon (6/15)             Temple (1/1) D:5

Altars:
Dithmenos
Kikubaaqudgha
Nemelex Xobeh
Okawaru
Qazlal
Ru
Sif Muna
Trog
Uskayaw
Wu Jian
Xom
Yredelemnul

Shops:
D:1 (   D:3 [


Innate Abilities, Weirdness & Mutations

You have a pair of large antennae on your head. (SInv)
You are partially covered in molten scales. (AC +2)
You sometimes emit foul miasma when damaged in melee.
You sometimes gain a little power by taking damage.


Message History

The gnoll shouts!
You slash the howler monkey!
The howler monkey is almost dead.
You hear a shout!
The gnoll misses you.
The howler monkey hoots and howls with incredible vigour!
The gnoll sergeant hits you from afar with a +0 spear!
The gnoll hits you but does no damage.
You hear a shout!
You hear an angry hiss.
You slash the howler monkey!
You kill the howler monkey!
The gnoll sergeant hits you but does no damage.
The gnoll hits you but does no damage.
A gnoll comes into view. It is wielding a +0 whip.
Found an escape hatch in the floor.
The gnoll shouts!
You hear a shout!
The gnoll drinks a potion.
The gnoll seems to speed up.
The gnoll sergeant barely misses you. The gnoll closely misses you.
You hear a shout!
Items here: )) [ †.
You closely miss the gnoll sergeant. You slash the gnoll!
The gnoll sergeant barely misses you.
You hit the gnoll sergeant.
The gnoll sergeant is moderately wounded.
You closely miss the gnoll. You hit the gnoll but do no damage.
The gnoll hits you with a +0 flail!
* * * LOW HITPOINT WARNING * * *
The gnoll sergeant hits you with a +0 spear!
* * * LOW HITPOINT WARNING * * *
You focus on the pain.
You feel very mighty all of a sudden. The gnoll barely misses you.
The gnoll hits you with a +0 flail.
* * * LOW HITPOINT WARNING * * *
You feel better.
The gnoll sergeant hits you with a +0 spear.
* * * LOW HITPOINT WARNING * * *
You emit a cloud of foul miasma!
The gnoll hits you with a +0 spear.
* * * LOW HITPOINT WARNING * * *
The gnoll hits you with a +0 flail.
You die...

#... #...<# .#
....##....##).###
.................
.................
....##..######.##
. . #..###### #
#...)...# {
#...g...# {
#.))@..##
+...ggg#
#.........
#..........>
+...........
#...........
#......##...
#......# ...


You could see a gnoll sergeant (swift) and 3 gnolls.

Vanquished Creatures
  Pikel (D:5)
  A water moccasin (D:5)
  An ice beast (D:5)
  An ogre (D:5)
  A centaur (D:5)
  A bullfrog (D:6)
  A scorpion (D:5)
  A howler monkey (D:6)
  A hound (D:4)
  A gnoll bouda (D:6)
  2 orc priests (D:5)
  An iguana (D:5)
  An orc wizard (D:5)
  6 gnolls (D:6)
  11 adders
  An ufetubus (D:5)
  2 worms (D:3)
  4 dart slugs
  14 orcs
  9 ball pythons
  11 bats
  6 endoplasms
  4 giant cockroaches
  7 goblins
  6 hobgoblins
  12 jackals
  3 kobolds
  4 quokkas
  3 frilled lizards
  3 rats
120 creatures vanquished.

Vanquished Creatures (others)
  4 plants (D:3)
4 creatures vanquished.

Grand Total: 124 creatures vanquished

Notes
Turn   | Place    | Note
-------+----------+-------------------------------------------
     0 | D:1      | Pimp the Demonspawn Gladiator began the quest for the Orb.
     0 | D:1      | Reached XP level 1. HP: 16/16 MP: 1/1
    37 | D:1      | Found Impagumo's Weapon Shop.
    59 | D:1      | You fall into a shaft and drop 1 floor!
   240 | D:1      | Gained mutation: You may rarely emit foul miasma when
                  | damaged in melee. [demonic ancestry]
   240 | D:1      | Reached XP level 2. HP: 22/22 MP: 2/2
   533 | D:1      | Gained mutation: You sometimes gain a little power by
                  | taking damage. [demonic ancestry]
   533 | D:1      | Reached XP level 3. HP: 26/28 MP: 3/3
  1140 | D:2      | Gained mutation: You have a pair of small antennae on your
                  | head. [demonic ancestry]
  1140 | D:2      | Reached XP level 4. HP: 24/34 MP: 4/4
  1613 | D:3      | Found Jojyg's Armour Boutique.
  1872 | D:3      | Gained mutation: You have a pair of antennae on your head.
                  | [demonic ancestry]
  1872 | D:3      | Reached XP level 5. HP: 25/41 MP: 5/5
  3099 | D:5      | Entered Level 5 of the Dungeon
  3210 | D:5      | Found a staircase to the Ecumenical Temple.
  3248 | Temple   | Entered the Ecumenical Temple
  3525 | D:5      | Gained mutation: You are partially covered in molten
                  | scales. (AC +2) [demonic ancestry]
  3525 | D:5      | Reached XP level 6. HP: 15/47 MP: 6/6
  3632 | D:5      | Noticed Pikel
  3655 | D:5      | Killed Pikel
  3656 | D:5      | Gained mutation: You sometimes emit foul miasma when
                  | damaged in melee. [demonic ancestry]
  3656 | D:5      | Reached XP level 7. HP: 54/55 MP: 7/7
  3915 | D:5      | Reached skill level 5 in Axes
  3915 | D:5      | Gained mutation: You have a pair of large antennae on your
                  | head. (SInv) [demonic ancestry]
  3915 | D:5      | Reached XP level 8. HP: 36/61 MP: 8/8
  3921 | D:5      | Reached skill level 5 in Fighting
  3927 | D:5      | Reached skill level 5 in Dodging
  4447 | D:6      | Reached skill level 5 in Throwing
  4454 | D:6      | HP: 1/63 [gnoll/+0 spear[a gnoll sergeant] (6)]
  4454 | D:6      | Slain by a gnoll

Illustrated notes

Levels and vault maps discovered:
D:1:      minmay_arrival_wavy_path, layout_basic, serial_shops,
          nicolae_shop_tiny_waterfront, item_on_display_a
D:2:      layout_basic, nicolae_concentric_dashed_squares_mild,
          kennysheep_small_spiral, corexii_leaking_fountain
D:3:      layout_rooms, serial_shops, shop, serial_bayou_pond_a, minmay_cupped
D:4:      layout_basic, minmay_door_square, roderic_serpentine_path,
          dreamdust_princess_corridor
D:5:      layout_loops_ring, minmay_temple_entry_waves, gup_sewer_entry_glass,
          minmay_misc_feat_roman, uniq_pikel
D:6:      layout_gridville, general_overflow_altar,
          nicolae_gozag_cash_rules_everything_around_me,
          mainiacjoe_overflow_boulevard, kennysheep_mini, minmay_manual_moon
Temple:   nicolae_temple_bog_church

Skill      XL: |  1  2  3  4  5  6  7  8 |
---------------+-------------------------+-----
Throwing       | 2 3 4 5 |  5.0
Axes           | 3 4 5 |  5.4
Dodging        | 3 4 5 |  5.4
Fighting       | 3 4 5 |  5.5

Action                     |  1- 3 |  4- 6 |  7- 9 || total
---------------------------+-------+-------+-------++-------
  Melee: War axe           |    95 |   154 |    81 ||   330
    Use: Scroll            |       |     6 |       ||     6
         Potion            |       |     5 |     5 ||    10
   Stab: Sleeping          |     1 |       |       ||     1
 Armour: Leather armour    |    14 |       |       ||    14
         Scale mail        |    43 |   103 |    66 ||   212
  Dodge: Dodged            |    81 |   135 |    96 ||   312

Table legend: (Time is in decaauts)
 A = Elapsed time spent in this place.
 B = Non-inter-level travel time spent in this place.
 C = Inter-level travel time spent in this place.
 D = Time resting spent in this place.
 E = Time spent auto-exploring this place.
 F = Levels seen in this place.
 G = Mean time per level.
                   A        B        C        D        E       F      G
               +--------+--------+--------+--------+--------+-----+--------+
         Total |   4763 |   4558 |    205 |    281 |   3077 |   7 |  680.4 |
       Dungeon |   4497 |   4358 |    139 |    281 |   2938 |   6 |  749.5 |
        Temple |    265 |    199 |     66 |      0 |    139 |   1 |  265.0 |
               +--------+--------+--------+--------+--------+-----+--------+

Top non-repeatable levels by time:
     D:5: 1173 daAuts
     D:2: 995 daAuts
     D:4: 921 daAuts
     D:3: 737 daAuts
     D:1: 638 daAuts
  Temple: 265 daAuts
     D:6: 30 daAuts
